 Dungeon Crawl Stone Soup version 0.20.1-1-g8b1a95d (webtiles) character file.

270 Gargoyl the Covered (level 6, -4/52 HPs)
             Began as a Minotaur Abyssal Knight on Aug 6, 2017.
             Was a Believer of Lugonu.
             Killed from afar by McKennaii's ghost (19 damage)
             ... with an orb of energy
             ... on level 4 of the Dungeon.
             The game lasted 00:05:43 (3364 turns).

Gargoyl the Covered (Minotaur Abyssal Knight)       Turns: 3364, Time: 00:05:44

Health: -4/52      AC:  9    Str: 22    XL:     6   Next: 1%
Magic:  16/16      EV: 10    Int:  9    God:    Lugonu [**....]
Gold:   136        SH:  0    Dex: 11    Spells: 5/5 levels left

rFire    . . .     SeeInvis +   r - +0 war axe
rCold    . . .     Gourm    .   (no shield)
rNeg     . . .     Faith    .   v - +0 scale mail
rPois    .         Spirit   .   (helmet restricted)
rElec    .         Reflect  .   (no cloak)
rCorr    .         Harm     .   l - +1 pair of gloves
MR       .....                  (no boots)
Stlth    ..........             (no amulet)
Regen    0.2/turn               d - ring of see invisible
MPRegen  0.2/turn               m - ring of magical power

@: mighty
A: retaliatory headbutt, horns 2
a: Depart the Abyss, Bend Space, Renounce Religion


You were on level 4 of the Dungeon.
You worshipped Lugonu.
Lugonu was pleased with you.
You were not hungry.

You visited 1 branch of the dungeon, and saw 4 of its levels.
You visited the Abyss 1 time.

You collected 136 gold pieces.

Inventory:

Hand Weapons
 a - a +1 hand axe
 r - a +0 war axe (weapon)
Armour
 l - a +1 pair of gloves (worn)
 v - a +0 scale mail (worn)
Jewellery
 d - a ring of see invisible (left hand)
 m - a ring of magical power (right hand)
Wands
 e - a wand of scattershot (4/9)
Scrolls
 g - 2 scrolls of amnesia
 h - a scroll of teleportation
Potions
 b - 2 potions of might
 f - 2 potions of agility {unknown}
 i - a potion of ambrosia {unknown}
 j - a potion of heal wounds {unknown}
 n - a potion of flight {unknown}
 o - a potion of invisibility {unknown}
 q - a potion of haste {unknown}
 t - a potion of mutation {unknown}
Comestibles
 c - a royal jelly
 k - 2 fruits
 s - 2 meat rations
 u - a bread ration


   Skills:
 + Level 4.2 Fighting
 + Level 4.2 Axes
 * Level 5.3 Armour
 + Level 1.9 Dodging
 * Level 2.9 Invocations


You had 5 spell levels left.
You didn't know any spells.

Dungeon Overview and Level Annotations

Branches:
Dungeon (4/15)
 Temple: D:4-7

Altars:
Gozag

Annotations:
D:4 McKennaii's ghost, novice DrCj


Innate Abilities, Weirdness & Mutations

You reflexively headbutt those who attack you in melee.
You have a pair of horns on your head.


Message History

You hit McKennaii's ghost. Your headbutt misses McKennaii's ghost.
McKennaii's ghost is moderately damaged.
McKennaii's ghost hits you!
McKennaii's ghost points at you and mumbles some strange words.
The orb of energy misses you.
You miss McKennaii's ghost.
McKennaii's ghost is moderately damaged.
McKennaii's ghost hits you.
You hit McKennaii's ghost but do no damage.
Your headbutt misses McKennaii's ghost.
McKennaii's ghost is moderately damaged.
McKennaii's ghost casts a spell at you. The orb of energy hits you!
* * * LOW HITPOINT WARNING * * *
The orb of energy explodes!
It was a potion of might.
You feel very mighty all of a sudden.
McKennaii's ghost points at you and mumbles some strange words.
The orb of energy hits you!
You die...

.## #.. ## #.. # #.. #..
#.. ##### ##....
#####################..#
................@Ws...#
#####################..#
##...# ...... #.#### .#
.# .#


You could see a scorpion and McKennaii's ghost.

Vanquished Creatures
  A phantom (D:4)
  A centaur skeleton (D:4)
  An orc priest (D:4)
  A hound (D:4)
  3 adders
  2 worms (D:3)
  A dart slug (D:2)
  5 leopard geckos
  4 orcs (D:4)
  A ball python (D:3)
  3 giant cockroaches
  3 goblins
  5 hobgoblins
  5 jackals
  2 quokkas (D:4)
  4 bats
  A jackal skeleton (D:4)
  3 kobolds
  A leopard gecko skeleton (D:3)
  7 rats
54 creatures vanquished.

Notes
Turn   | Place    | Note
-------+----------+-------------------------------------------
     0 | Abyss:1  | Gargoyl the Minotaur Abyssal Knight began the quest for the Orb.
     0 | Abyss:1  | Reached XP level 1. HP: 19/19 MP: 1/1
   120 | Abyss:1  | Noticed a large abomination
   128 | D:1      | Escaped the Abyss
   243 | D:1      | Reached * piety under Lugonu
   423 | D:1      | Reached XP level 2. HP: 19/27 MP: 2/2
  1400 | D:2      | Reached skill level 3 in Armour
  1661 | D:2      | Found an opulent altar of Gozag.
  1717 | D:2      | Reached XP level 3. HP: 33/33 MP: 3/3
  2000 | D:3      | Found a faded altar of an unknown god.
  2718 | D:3      | Reached XP level 4. HP: 37/40 MP: 4/4
  2941 | D:4      | Reached skill level 4 in Armour
  3097 | D:4      | Reached XP level 5. HP: 46/46 MP: 5/5
  3140 | D:4      | Noticed a phantom
  3179 | D:4      | Killed a phantom
  3179 | D:4      | Reached skill level 5 in Armour
  3231 | D:4      | Reached ** piety under Lugonu
  3231 | D:4      | Reached XP level 6. HP: 44/52 MP: 7/7
  3349 | D:4      | Noticed McKennaii's ghost (novice DrCj)
  3364 | D:4      | Killed from afar by McKennaii's ghost

Skill      XL: |  1  2  3  4  5 |
---------------+----------------+-----
Fighting       | 4 |  4.2
Axes           | 3 4 |  4.2
Armour         | 3 4 5 |  5.3
Invocations    | 2 |  2.9
Dodging        | |  1.9

Action                   |  1- 3 |  4- 6 || total
-------------------------+-------+-------++-------
Melee: Hand axe          |    61 |       ||    61
       Headbutt          |    12 |    12 ||    24
       War axe           |    30 |    49 ||    79
Invok: Depart the Abyss  |     1 |       ||     1
  Use: Scroll            |     5 |     1 ||     6
       Potion            |       |     1 ||     1
  Eat: Bread ration      |     1 |       ||     1
       Chunk             |     1 |     2 ||     3
Armor: Ring mail         |    45 |     4 ||    49
       Scale mail        |       |    15 ||    15
Dodge: Dodged            |    66 |    31 ||    97
